Map: Cactus Valley LE (Void)

Players

AgCl

  • Race: Protoss Protoss

MrTrenbolon - Winner!

  • Race: Zerg Zerg

VOD

Have the link to the VOD?

Description

Time

  • Played on: May 1, 2015, 8:37 a.m.
  • Length: 12:18
Show
View Real Time Build Order
Export as new Build Order

AgCl Protoss 

Build Orders: Nexus First 

Get SALT Encoding   

  12  0:02  Probe  
  13  0:19  Probe  
  14  0:41  Nexus  
  14  0:54  Assimilator  
  14  1:04  Pylon  
  14  1:14  Assimilator  
  14  1:16  Pylon  
  14  1:22  Probe (Chrono Boost)  
  15  1:31  Probe (Chrono Boost)  
  17  1:40  Probe  
  17  1:54  Gateway, Probe (Chrono Boost)  
  18  1:55  Probe (Chrono Boost)  
  19  2:05  Probe (Chrono Boost)  
  19  2:06  Probe (Chrono Boost)  
  21  2:14  Probe (Chrono Boost)  
  21  2:15  Probe (Chrono Boost)  
  23  2:23  Probe (Chrono Boost)  
  25  2:31  Probe (Chrono Boost)  
  25  2:33  Probe (Chrono Boost)  
  26  2:37  Probe (Chrono Boost)  
  26  2:42  Cybernetics Core  
  27  2:50  Forge  
  27  2:52  Probe x2 (Chrono Boost)  
  29  3:02  Probe x2 (Chrono Boost)  
  31  3:09  Probe (Chrono Boost)  
  31  3:10  Zealot (Chrono Boost)  
  35  3:13  Probe (Chrono Boost)  
  36  3:20  Probe (Chrono Boost), Pylon  
  36  3:23  Probe (Chrono Boost)  
  36  3:26  Probe (Chrono Boost)  
  40  3:38  Mothership Core (Chrono Boost), Probe (Chrono Boost)  
  42  3:50  Probe (Chrono Boost)  
  43  3:56  Probe x2 (Chrono Boost)  
  43  4:06  Probe  
  45  4:13  Assimilator  
  45  4:17  Assimilator  
  45  4:18  Probe, Pylon  
  45  4:19  Probe  
  45  4:20  Stargate  
  45  4:22  Pylon  
  46  4:28  Pylon  
  46  4:30  Probe  
  47  4:31  Probe  
  47  4:32  Nexus, Protoss Air Weapons Level 1 (Chrono Boost)  
  48  4:42  Cybernetics Core, Probe  
  48  4:45  Pylon  
  49  4:46  Probe  
  49  4:50  Protoss Ground Weapons Level 1 (Chrono Boost)  
  50  4:55  Probe  
  50  4:58  Probe  
  51  5:04  Oracle (Chrono Boost)  
  55  5:07  Probe  
  55  5:11  Probe  
  55  5:12  Fleet Beacon  
  56  5:18  Twilight Council  
  56  5:19  Probe (Chrono Boost)  
  57  5:28  Probe (Chrono Boost)  
  58  5:31  Probe (Chrono Boost)  
  58  5:34  Pylon  
  60  5:37  Probe x2 (Chrono Boost)  
  61  5:46  Pylon  
  61  5:47  Probe (Chrono Boost)  
  61  5:49  Probe (Chrono Boost)  
  64  5:51  Photon Cannon  
  64  5:54  Probe (Chrono Boost)  
  64  5:55  Photon Cannon  
  64  5:56  Graviton Catapult (Chrono Boost)  
  65  5:57  Probe (Chrono Boost)  
  65  6:00  Probe (Chrono Boost)  
  65  6:01  Carrier (Chrono Boost), Charge (Chrono Boost)  
  65  6:02  Probe (Chrono Boost)  
  67  6:05  Warp Gate (Chrono Boost)  
  67  6:07  Templar Archives  
  67  6:09  Probe, Pylon  
  67  6:11  Probe  
  69  6:13  Probe, Assimilator  
  69  6:15  Assimilator  
  70  6:21  Probe  
  78  6:42  Probe (Chrono Boost)  
  78  6:45  Photon Cannon  
  78  6:48  Probe (Chrono Boost)  
  78  6:49  Pylon  
  78  6:50  Protoss Air Weapons Level 2 (Chrono Boost)  
  78  6:53  Probe (Chrono Boost)  
  80  6:59  Psionic Storm  
  80  7:00  Pylon  
  80  7:01  Stargate, Carrier (Chrono Boost)  
  80  7:02  Robotics Facility  
  80  7:04  Gateway x2  
  80  7:05  Gateway  
  80  7:08  Pylon  
  67  7:31  Probe (Chrono Boost)  
  67  7:37  Gateway  
  68  7:38  Gateway  
  68  7:41  Probe (Chrono Boost), Carrier (Chrono Boost)  
  70  7:46  Pylon  
  70  7:47  Probe (Chrono Boost)  
  76  8:00  Pylon  
  76  8:03  Probe  
  76  8:04  Carrier (Chrono Boost)  
  77  8:13  Pylon  
  77  8:17  Observer  
  84  8:24  Zealot  
  86  8:27  Zealot x2  
  86  8:38  Observer  
  87  8:44  Carrier  
  87  8:54  Nexus, Assimilator  
  87  8:55  Pylon  
  87  8:57  Pylon  
  87  8:58  Assimilator  
  85  9:09  Observer (Chrono Boost)  
  92  9:13  Stargate  
  92  9:17  Pylon  
  90  9:24  Observer (Chrono Boost)  
  88  9:33  Stalker x2, Carrier (Chrono Boost)  
  88  9:34  Stalker, Zealot x2  
  88  9:38  Photon Cannon  
  98  9:51  Pylon  
  104  9:53  Gateway, Carrier (Chrono Boost)  
  108  10:27  Pylon  
  108  10:29  Zealot  
  108  10:31  Pylon  
  110  10:44  Zealot  
  110  10:45  Zealot x2  
  78  11:37  Nexus  
  78  11:48  Stalker x3  
  78  11:49  Stalker  
  84  11:56  Stargate  
Show
View Real Time Build Order
Export as new Build Order

MrTrenbolon Zerg - Winner!

Build Orders: Hatch First 

Get SALT Encoding   

  12  0:03  Drone  
  13  0:16  Drone  
  13  0:21  Overlord  
  14  0:40  Drone x3  
  17  0:51  Drone  
  18  1:01  Hatchery  
  18  1:02  Drone  
  18  1:22  Spawning Pool  
  18  1:24  Drone x2  
  19  1:28  Extractor  
  18  1:36  Overlord  
  18  1:45  Drone  
  19  2:09  Queen  
  19  2:10  Zergling x4  
  19  2:14  Extractor  
  19  2:15  Drone  
  23  2:25  Queen  
  25  2:30  Metabolic Boost  
  25  2:36  Drone x2  
  27  2:39  Drone x3  
  30  2:55  Hatchery  
  29  3:00  Queen  
  29  3:05  Drone x2  
  33  3:25  Drone x3  
  36  3:29  Overlord x2  
  36  3:45  Overlord  
  36  3:46  Overlord  
  36  3:49  Lair  
  36  3:52  Drone  
  36  3:53  Drone  
  39  3:55  Drone  
  37  4:03  Zergling x6  
  37  4:08  Drone  
  42  4:10  Drone x2  
  42  4:16  Drone x3  
  46  4:28  Queen  
  48  4:38  Drone  
  48  4:39  Drone x6  
  48  4:40  Drone  
  56  4:47  Roach Warren, Extractor  
  56  4:48  Extractor  
  52  5:00  Infestation Pit  
  51  5:09  Drone x6  
  51  5:10  Drone x2  
  51  5:11  Drone x3  
  62  5:14  Drone  
  63  5:22  Overlord x2  
  72  5:49  Burrow  
  78  6:03  Drone x3  
  78  6:04  Drone x7  
  84  6:05  Drone  
  84  6:08  Glial Reconstitution  
  89  6:11  Spore Crawler  
  89  6:13  Spore Crawler, Drone x2  
  89  6:17  Spore Crawler  
  88  6:32  Queen  
  87  6:41  Zergling x4  
  89  7:16  Extractor x2  
  89  7:20  Overlord x4  
  89  7:21  Hatchery, Drone x2  
  89  7:22  Drone  
  89  7:23  Overlord  
  89  7:24  Overlord x4  
  89  7:29  Hatchery  
  88  7:33  Hydralisk Den  
  88  7:34  Hive  
  87  7:39  Zergling x2  
  87  7:40  Zergling x6  
  87  7:41  Zergling x4  
  93  7:58  Roach x4  
  99  7:59  Roach x8  
  117  8:06  Pneumatized Carapace  
  117  8:18  Roach Warren  
  117  8:19  Roach Warren  
  116  8:20  Roach Warren  
  117  8:33  Evolution Chamber  
  115  8:34  Evolution Chamber  
  115  8:38  Drone x7  
  115  8:39  Drone x4, Overlord x2  
  121  8:44  Spore Crawler  
  117  8:53  Roach x5  
  115  8:57  Overlord, Zergling x6  
  115  8:58  Zergling x6  
  111  9:10  Lurker Den, Zergling x12  
  111  9:11  Zergling x10  
  119  9:19  Zerg Melee Weapons Level 1  
  119  9:20  Zerg Ground Armor Level 1  
  118  9:25  Ultralisk Cavern  
  118  9:26  Spire  
  118  9:27  Roach  
  118  9:28  Roach x8  
  132  9:32  Roach x8  
  132  9:33  Queen  
  132  9:35  Extractor  
  132  9:36  Extractor  
  145  9:41  Roach  
  140  9:46  Viper x2  
  140  9:47  Viper  
  148  9:53  Spore Crawler x2  
  148  9:54  Spore Crawler  
  143  10:03  Hydralisk  
  143  10:04  Hydralisk x9  
  157  10:16  Spore Crawler, Hydralisk x2  
  157  10:17  Spore Crawler x2, Hydralisk x5  
  158  10:27  Hydralisk x4  
  143  10:51  Hydralisk x4  
  145  11:03  Hatchery  
  134  11:17  Overseer  
  128  11:20  Queen  
  128  11:21  Lurker x2  
  128  11:22  Lurker  
  128  11:24  Zergling x12  
  128  11:25  Roach, Zergling x4  
  143  11:26  Roach x4  
Tags
 
Add a new tag
Caveats
  • Supply blocks, unpowered buildings, or Contaminate may cause inaccurate times.
  • Supply counts are checked every 10 seconds.